 Dungeon Crawl Stone Soup version 0.25.1-9-gc5326a611f (webtiles) character file.

Game seed: 15407134435538543856

130 tkbsonic5 the Skirmisher (level 4, 0/35 HPs)
             Began as a Demonspawn Warper on Nov 8, 2021.
             Was an Initiate of Kikubaaqudgha.
             Succumbed to a kobold's poison
             ... on level 3 of the Dungeon.
             The game lasted 00:10:18 (2177 turns).

tkbsonic5 the Skirmisher (Demonspawn Warper)        Turns: 2177, Time: 00:10:19

Health: 0/35       AC:  3    Str: 12    XL:     4   Next: 90%
Magic:  7/7        EV: 12    Int: 15    God:    Kikubaaqudgha [......]
Gold:   70         SH:  0    Dex: 12    Spells: 7/7 levels left

rFire    . . .     SeeInvis .   m - +3 short sword
rCold    . . .     Gourm    .   (no shield)
rNeg     . . .     Faith    .   b - +0 leather armour
rPois    .         Spirit   +   (helmet restricted)
rElec    .         Reflect  .   (no cloak)
rCorr    .         Harm     .   q - +1 pair of gloves
MR       .....                  (no boots)
Stlth    ++........             (no amulet)
HPRegen  0.11/turn              (no ring)
MPRegen  0.10/turn              (no ring)

@: lethally poisoned (0 -> -13), flying, very slightly contaminated
A: beak, hooves 1, deformed body, nightstalker 1, evolution 2, magic shield
a: Renounce Religion


You were on level 3 of the Dungeon.
You worshipped Kikubaaqudgha.
Kikubaaqudgha was noncommittal.
You were not hungry.

You visited 1 branch of the dungeon, and saw 3 of its levels.

You collected 70 gold pieces.

Inventory:

Hand Weapons
 a - a +0 hand axe
 m - a +3 short sword (weapon)
Missiles
 e - 5 boomerangs of dispersal (quivered)
 g - 23 arrows
 l - 18 sling bullets
Armour
 b - a +0 leather armour (worn)
 j - a +0 helmet
 p - a +0 helmet
 q - a +1 pair of gloves (worn)
Scrolls
 o - 2 scrolls of remove curse
Potions
 r - a potion of degeneration
Comestibles
 f - 6 rations


   Skills:
 * Level 3.1 Fighting
 * Level 1.2 Short Blades
 - Level 2.0 Axes
 + Level 1.6 Throwing
 + Level 1.5 Armour
 + Level 2.2 Dodging
 * Level 1.2 Stealth
 + Level 2.3 Spellcasting
   Level 2.6 Translocations


You had 7 spell levels left.
You didn't know any spells.
Your spell library contained the following spells:

 Spells                   Type           Power        Failure   Level  Hunger
 Blink                    Tloc           N/A          14%         2    ###....
 Shroud of Golubria       Chrm/Tloc      #.....       24%         2    ###....
 Gell's Gravitas          Tloc           #.........   26%         3    ###....
 Lesser Beckoning         Tloc           #.........   26%         3    ###....
 Teleport Other           Tloc           #.......     26%         3    ###....
 Passage of Golubria      Tloc           N/A          65%         4    #####..


Dungeon Overview and Level Annotations

Branches:
Dungeon (3/15)

Altars:
Kikubaaqudgha
Okawaru


Innate Abilities, Weirdness & Mutations

You have large cloven feet.
You are slightly more attuned to the shadows.
When hurt, damage is shared between your health and your magic reserves.
You have a beak for a mouth.
Armour fits poorly on your strangely shaped body.
You rapidly evolve.


Message History

You feel strangely unstable.
* * * LOW HITPOINT WARNING * * *
You feel sick.
* * * LOW HITPOINT WARNING * * *
You feel sick.
* * * LOW HITPOINT WARNING * * *
You feel sick.
Your surroundings suddenly seem different.
* * * LOW HITPOINT WARNING * * *
You feel sick.
* * * LOW HITPOINT WARNING * * *
You feel sick.
* * * LOW HITPOINT WARNING * * *
You feel sick.
* * * LOW HITPOINT WARNING * * *
You feel sick.
* * * LOW HITPOINT WARNING * * *
You feel sick.
You die...
Kikubaaqudgha rasps: "You have failed me!
Welcome... death!"

. #. #.. #...
#....#########.#.#
...........@.....>
##########.....#.#
.....# #.###.#
.....# #.. #
.....# #..# .....#
#..# .....# #..#
.....### ........


There were no monsters in sight!

Vanquished Creatures
  7 adders
  A worm (D:2)
  4 dart slugs
  2 leopard geckos
  3 bats
  3 giant cockroaches
  8 goblins
  2 hobgoblins (D:1)
  4 jackals (D:1)
  2 quokkas
  2 frilled lizards
  9 kobolds
  9 rats
56 creatures vanquished.

Notes
Turn   | Place    | Note
-------+----------+-------------------------------------------
     0 | D:1      | tkbsonic5 the Demonspawn Warper began the quest for the
                  | Orb.
     0 | D:1      | Reached XP level 1. HP: 16/16 MP: 3/3
   196 | D:1      | Reached skill level 1 in Throwing
   204 | D:1      | Reached skill level 1 in Armour
   239 | D:1      | Gained mutation: You have large cloven feet. [demonic
                  | ancestry]
   239 | D:1      | Reached XP level 2. HP: 19/22 MP: 5/5
   815 | D:1      | Gained mutation: You are slightly more attuned to the
                  | shadows. [demonic ancestry]
   815 | D:1      | Reached XP level 3. HP: 23/28 MP: 6/6
  1201 | D:2      | Found an ancient bone altar of Kikubaaqudgha.
  1205 | D:2      | Became a worshipper of Kikubaaqudgha
  1352 | D:2      | Gained mutation: When hurt, damage is shared between your
                  | health and your magic reserves. [demonic ancestry]
  1352 | D:2      | Reached XP level 4. HP: 29/34 MP: 7/7
  1588 | D:2      | Gained mutation: You are weak. (Str -2) [potion of
                  | mutation]
  1588 | D:2      | Gained mutation: You evolve. [potion of mutation]
  1588 | D:2      | Gained mutation: You have a beak for a mouth. [potion of
                  | mutation]
  1597 | D:2      | Found an iron altar of Okawaru.
  1718 | D:2      | Reached skill level 3 in Fighting
  1718 | D:2      | Reached skill level 1 in Short Blades
  1909 | D:2      | Reached skill level 1 in Stealth
  2168 | D:3      | Lost mutation: You are weak. (Str -2) [potion of mutation]
  2168 | D:3      | Gained mutation: Armour fits poorly on your strangely
                  | shaped body. [potion of mutation]
  2168 | D:3      | Gained mutation: You rapidly evolve. [potion of mutation]
  2176 | D:3      | HP: 1/35 [poisoned by a kobold]
  2177 | D:3      | Succumbed to a kobold's poison

Illustrated notes

Levels and vault maps discovered:
D:1:      dpeg_arrival_rooms_c, layout_loops_ring, minmay_pentomino_z4
D:2:      layout_rooms, lemuel_crystal_altar, marbit_many_paths, first_ration
D:3:      layout_basic, nicolae_overflow_crystal_walls, uniq_grinder

Skill      XL: |  1  2  3  4 |
---------------+-------------+-----
Throwing       | 1 |  1.6
Armour         | 1 |  1.5
Axes           | 2 |  2.0
Dodging        | 2 |  2.2
Fighting       | 3 |  3.1
Short Blades   | 1 |  1.2
Stealth        | 1 |  1.2
Spellcasting   | |  2.3
Translocations | |  2.6

Action                   |  1- 3 |  4- 6 || total
-------------------------+-------+-------++-------
Melee: Hand axe          |    45 |       ||    45
       Short sword       |    57 |    48 ||   105
       Kick              |    14 |     2 ||    16
       Peck              |       |     4 ||     4
  Use: Scroll            |       |     6 ||     6
       Potion            |       |     4 ||     4
 Stab: Distracted        |     1 |       ||     1
       Sleeping          |       |     3 ||     3
  Eat: Chunk             |     1 |     3 ||     4
Armor: Leather armour    |    47 |    12 ||    59
Dodge: Dodged            |    76 |    21 ||    97
